 Dungeon Crawl Stone Soup version 0.24-a0-361-g57161393b2 (webtiles) character file.

Game seed: 1787074078025050609

303790 Amnesiac the Imperceptible (level 19, -5/148 HPs)
             Began as a Felid Enchanter on May 25, 2019.
             Was an Initiate of Gozag.
             Slain by a yellow draconian
             ... wielding a +1 hand axe of chopping
              (10 damage)
             ... on level 2 of the Realm of Zot on May 26, 2019.
             The game lasted 04:57:52 (83098 turns).

Amnesiac the Imperceptible (Felid Enchanter)       Turns: 83098, Time: 04:57:53

Health: -5/148     AC:  7    Str:  9    XL:     19   Next: 84%
Magic:  0/39       EV: 31    Int: 24    God:    Gozag
Gold:   3895       SH:  0    Dex: 18    Spells: 0/48 levels left
                                        Lives:  0   Deaths: 6

rFire    . . .     SeeInvis +     - Unarmed
rCold    + + .     Gourm    .   (shield unavailable)
rNeg     . . .     Faith    .   (armour unavailable)
rPois    .         Spirit   +   (helmet unavailable)
rElec    .         Reflect  .   (cloak unavailable)
rCorr    .         Harm     .   (gloves unavailable)
MR       ++...                  (boots unavailable)
Stlth    ..........             B - amulet "Oginykem" {Spirit +Fly rC+}
HPRegen  0.34/turn              K - ring of Robustness {AC+8}
MPRegen  0.26/turn              L - ring of Shadows {Umbra +Inv Stlth+}

@: berserking (expiring), lethally poisoned (-5 -> -6), corroded, very slightly
contaminated, wreathed by umbra, very quick
A: very small, no armour, no weapons or thrown items, stealth, claws 1, fangs 3,
see invisible, carnivore, speed 1, mutation resistance 1, shaggy fur 3, slow
metabolism 1, wild magic 1, sharp paws
}: 3/15 runes: decaying, abyssal, gossamer
a: Potion Petition, Call Merchant, Bribe Branch, Renounce Religion, Evoke
Invisibility, Evoke Flight


You were on level 2 of the Realm of Zot.
You worshipped Gozag.
Gozag was most pleased with you.
You were not hungry.

You visited 8 branches of the dungeon, and saw 39 of its levels.
You visited the Abyss 2 times.
You also visited: Ice Cave.

You collected 22812 gold pieces.
You spent 7926 gold pieces at shops.
You paid 10991 gold pieces to Gozag.

Inventory:

Jewellery
 l - an uncursed ring of protection from fire
 w - an uncursed ring of resist corrosion
 y - an uncursed ring of wizardry
 A - the ring "Lalof" {Fire rElec Dex+3}
   (You took it off a vampire knight on level 2 of the Depths)

   [ring of fire]

   It enhances your fire magic.
   It affects your dexterity (+3).
   It protects you from fire.
   It makes you vulnerable to cold.
   It insulates you from electricity.
 B - the amulet "Oginykem" (around neck) {Spirit +Fly rC+}
   (You bought it in a shop on level 2 of the Orcish Mines)

   [amulet of guardian spirit]

   It causes incoming damage to be split between your health and magic.
   It protects you from cold.
   It lets you fly.
 K - the ring of Robustness (left paw) {AC+8}
   (You bought it in a shop on level 1 of the Swamp)

   [ring of protection]

   It affects your AC (+8).
 L - the ring of Shadows (right paw) {Umbra +Inv Stlth+}
   (You bought it in a shop on level 1 of the Swamp)

   [ring of stealth]

   It lets you turn invisible.
   It makes you more stealthy.
Wands
 a - a wand of enslavement (7)
 q - a wand of paralysis (9)
 v - a wand of digging (8)
Scrolls
 b - 12 scrolls of identify {!r}
 d - 18 scrolls of remove curse {!r}
 g - 14 scrolls of teleportation {!r}
 n - 4 scrolls of fear {!r}
 r - 2 scrolls of blinking {!r}
 u - 10 scrolls of magic mapping {!r}
 x - 2 scrolls of amnesia {!r}
 E - 6 scrolls of fog {!r}
 N - a scroll of vulnerability {!r}
Potions
 c - 7 potions of flight {!q}
 f - 2 potions of resistance {!q}
 h - 10 potions of brilliance {!q}
 k - 7 potions of curing {!q}
 m - 4 potions of berserk rage {!q}
 o - 4 potions of haste {!q}
 p - 3 potions of cancellation {!q}
 s - 3 potions of might {!q}
 F - a potion of invisibility {!q}
 J - 4 potions of mutation {!q}
Miscellaneous
 t - a box of beasts
 C - a lightning rod (4/4)
 D - a phial of floods
 I - a lamp of fire


   Skills:
 + Level 18.8 Fighting
 - Level 15.0 Dodging
 + Level 23.3 Stealth
 + Level 18.8 Unarmed Combat
 - Level 15.0 Spellcasting
 - Level 5.0 Conjurations
 - Level 15.0 Hexes
 - Level 5.0 Charms
 - Level 5.0 Necromancy
 - Level 5.0 Transmutations
 - Level 5.0 Earth Magic
 - Level 8.0 Evocations


You couldn't memorise any spells.
You knew the following spells:

 Your Spells              Type           Power        Failure   Level  Hunger
a - Irradiate             Conj/Tmut      ######....   16%         5    ##.....
b - Passwall              Tmut/Erth      ######..     1%          2    None
c - Yara's Violent Unrav  Hex/Tmut       ######....   2%          5    ##.....
d - Lee's Rapid Deconstr  Erth           ######....   16%         5    ##.....
e - Confuse               Hex            #######.     1%          3    None
f - Metabolic Englaciati  Hex/Ice        ######....   7%          5    ##.....
h - Dispel Undead         Necr           ######..     16%         5    ##.....
i - Summon Butterflies    Summ           ###.....     5%          1    None
j - Swiftness             Chrm/Air       #####...     3%          2    None
k - Sublimation of Blood  Necr           ######....   1%          2    None
q - Summon Mana Viper     Hex/Summ       ######..     7%          5    ##.....
r - Regeneration          Chrm/Necr      ######....   2%          3    None
v - Blink                 Tloc           N/A          8%          2    None
w - Tukima's Dance        Hex            #######.     1%          3    None
z - Confusing Touch       Hex            ######       1%          1    None

Your spell library contained the following spells:

 Spells                   Type           Power        Failure   Level  Hunger
 Animate Skeleton         Necr           N/A          1%          1    None
 Corona                   Hex            #######      1%          1    None
 Infusion                 Chrm           ####         1%          1    None
 Pain                     Necr           ####         1%          1    None
 Sandblast                Erth           ######       1%          1    None
 Corpse Rot               Necr           N/A          1%          2    None
 Ensorcelled Hibernation  Hex/Ice        ######       1%          2    None
 Song of Slaying          Chrm           ######..     1%          2    None
 Dazzling Spray           Conj/Hex       ######       1%          3    None
 Inner Flame              Hex/Fire       ######..     1%          3    None
 Cause Fear               Hex            #######...   1%          4    None
 Flame Tongue             Conj/Fire      #####        2%          1    None
 Shock                    Conj/Air       ####         2%          1    None
 Sting                    Conj/Pois      ####         2%          1    None
 Stone Arrow              Conj/Erth      ######       2%          3    None
 Vampiric Draining        Necr           ######....   2%          3    None
 Shroud of Golubria       Chrm/Tloc      #####.....   3%          2    None
 Throw Flame              Conj/Fire      #####.       3%          2    None
 Conjure Flame            Conj/Fire      #####...     5%          3    None
 Static Discharge         Conj/Air       #####...     5%          3    None
 Animate Dead             Necr           N/A          7%          4    None
 Petrify                  Tmut/Erth      ######..     7%          4    None
 Silence                  Hex/Air        ######....   7%          5    ##.....
 Poisonous Vapours        Pois/Air       ###...       8%          2    None
 Ignite Poison            Fire/Tmut/Pois ####....     8%          3    None
 Mephitic Cloud           Conj/Pois/Air  ####....     8%          3    None
 Call Canine Familiar     Summ           ###.....     14%         3    None
 Gell's Gravitas          Tloc           ###.......   14%         3    None
 Lesser Beckoning         Tloc           ###.......   14%         3    None
 Recall                   Summ/Tloc      N/A          14%         3    None
 Teleport Other           Tloc           ###.....     14%         3    None
 Sticky Flame             Conj/Fire      #####...     16%         4    None
 Agony                    Necr           ######..     16%         5    ##.....
 Bolt of Draining         Conj/Necr      ######....   16%         5    ##.....
 Iskenderun's Battlesphe  Conj/Chrm      ######..     16%         5    ##.....
 Bolt of Magma            Conj/Fire/Erth #####.....   30%         5    ##.....
 Airstrike                Air            ###.......   38%         4    None
 Olgreb's Toxic Radiance  Pois           ###.....     38%         4    None
 Passage of Golubria      Tloc           N/A          38%         4    None
 Summon Ice Beast         Ice/Summ       ###.....     38%         4    None
 Fireball                 Conj/Fire      #####.....   38%         5    ##.....
 Lightning Bolt           Conj/Air       #####.....   38%         5    ##.....
 Venom Bolt               Conj/Pois      #####.....   38%         5    ##.....
 Discord                  Hex            #######...   50%         8    #######
 Hydra Form               Tmut           ######....   61%         6    ####...
 Iron Shot                Conj/Erth      ######....   61%         6    ####...
 Statue Form              Tmut/Erth      ######...    61%         6    ####...
 Aura of Abjuration       Summ           ###.......   73%         5    ##.....
 Summon Demon             Summ           ###.......   73%         5    ##.....
 Summon Forest            Summ/Tloc      ###.......   73%         5    ##.....
 Bolt of Fire             Conj/Fire      #####.....   90%         6    ####...
 Deflect Missiles         Chrm/Air       #####.....   90%         6    ####...
 Shadow Creatures         Summ           N/A          99%         6    ####...
 Dragon Form              Tmut           ######....   99%         7    ######.
 Orb of Destruction       Conj           ######....   99%         7    ######.
 Haunt                    Necr/Summ      #####.....   100%        7    ######.
 Malign Gateway           Summ/Tloc      ###.......   100%        7    ######.
 Monstrous Menagerie      Summ           ###.......   100%        7    ######.
 Ring of Flames           Chrm/Fire      #####.....   100%        7    ######.
 Spellforged Servitor     Conj/Summ      #####.....   100%        7    ######.
 Summon Greater Demon     Summ           ###.......   100%        7    ######.
 Summon Hydra             Summ           ###.......   100%        7    ######.
 Borgnjor's Revivificati  Necr           ######....   100%        8    #######
 Death's Door             Chrm/Necr      ######....   100%        8    #######
 Ignition                 Fire           ###.......   100%        8    #######
 Infestation              Necr           ######....   100%        8    #######
 Necromutation            Tmut/Necr      ######....   100%        8    #######
 Summon Horrible Things   Summ           ###.......   100%        8    #######
 Shatter                  Erth           ######....   100%        9    #######
 Tornado                  Air            ###.......   100%        9    #######
 Spectral Weapon          Hex/Chrm       Unusable     N/A         3    N/A
 Excruciating Wounds      Chrm/Necr      Unusable     N/A         5    N/A

Dungeon Overview and Level Annotations

Branches:
Dungeon (15/15)            Temple (1/1) D:4            Lair (6/6) D:11
  Swamp (4/4) Lair:3       Spider (4/4) Lair:3        Slime (0/5) Lair:6
    Orc (2/2) D:10            Elf (0/3) Orc:2        Vaults (0/5) D:13
 Depths (5/5) D:15            Zot (2/5) Depths:5

Altars:
Ashenzari
Cheibriados
Dithmenos
Elyvilon
Fedhas
Gozag
Hepliaklqana
Kikubaaqudgha
Makhleb
Nemelex Xobeh
Okawaru
Qazlal
Ru
Sif Muna
Trog
Uskayaw
Vehumet
Wu Jian
Xom
Yredelemnul
Zin
The Shining One
Beogh

Shops:
D:13 !   Orc:2 =*(:   Lair:1 =   Swamp:1 =   Depths:1 :   Depths:2 [

Portals:
Hell: Depths:1 Depths:2 Depths:3 Depths:4 Depths:5
Abyss: Depths:4
Pandemonium: Depths:3
Ziggurat: Depths:2

Annotations:
D:15 exclusion: Roxanne, Roxanne
Swamp:3 Byucvearph's ghost, adept DrBe; Inabeac's ghost, journeyman MiBe
Swamp:4 Laiders72's ghost, adept DDFi; Somebody's ghost, journeyman DrEE


Innate Abilities, Weirdness & Mutations

You cannot wear armour.
You are incapable of wielding weapons or throwing items.
Your paws allow you to move quietly. (Stealth)
You have sharp claws.
You have razor-sharp teeth.
You have supernaturally acute eyesight. (SInv)
You are carnivorous and can eat meat at any time.
You cover ground quickly.
Your thick and shaggy fur keeps you warm. (AC +3, rC+)
You have a slow metabolism.
Your sharp claws are effective at attacking unaware monsters.
You are somewhat resistant to further mutation.
Your spells are a little harder to cast, but a little more powerful.


Message History

* * * LOW HITPOINT WARNING * * *
The moth of wrath infuriates you!
A red film seems to cover your vision as you go berserk!
You feel yourself moving faster!
You feel mighty!
You scratch the tentacled monstrosity.
You kill the tentacled monstrosity!
You claw the moth of wrath!
The moth of wrath is heavily wounded.
The moth of wrath is engulfed in blazing flames.
The moth of wrath bites you!
* * * LOW HITPOINT WARNING * * *
You mangle the moth of wrath!!
You kill the moth of wrath!
You feel sick. The red draconian closely misses you.
Things that are here:
8 gold pieces; a +0 short sword You closely miss the red draconian.
You scratch the red draconian.
The red draconian is lightly wounded.
The red draconian hits you but does no damage.
You mangle the red draconian!!
You bite the red draconian, but do no damage.
The red draconian is moderately wounded.
You mangle the red draconian!!
The red draconian is heavily wounded.
You mangle the red draconian!! You claw the red draconian!
The red draconian is almost dead.
The red draconian completely misses you.
You claw the red draconian!
You kill the red draconian!
You feel sick.
Things that are here:
7 gold pieces; a +0 war axe You closely miss the yellow draconian.
You bite the yellow draconian.
The yellow draconian is lightly wounded.
You mangle the yellow draconian!! You bite the yellow draconian.
The yellow draconian is moderately wounded.
The yellow draconian completely misses you.
You closely miss the yellow draconian.
The yellow draconian is moderately wounded.
You scratch the yellow draconian. You claw the yellow draconian!
The yellow draconian is heavily wounded.
You claw the yellow draconian!
The yellow draconian is severely wounded.
The yellow draconian misses you.
You claw the yellow draconian! x2
The yellow draconian is almost dead.
You feel sick.
You barely miss the yellow draconian.
The yellow draconian is almost dead.
You closely miss the yellow draconian.
The yellow draconian is almost dead.
The yellow draconian throws acid at you.
The glob of acid hits you.
* * * LOW HITPOINT WARNING * * *
The acid corrodes you!
You are splashed with acid!
* * * LOW HITPOINT WARNING * * *
You closely miss the yellow draconian.
The yellow draconian is almost dead.
You barely miss the yellow draconian.
The yellow draconian is almost dead.
The yellow draconian hits you with a +1 hand axe of chopping!
You die...
Your body crumbles into a pile of gold.

...#
##.........#.###..........#
..#
#...........###.......#..# #.
#.....##...^..........#.#. #
#.....##..#........######.
#.....##.....#...#.##..#.#
#......#......)..###....##
##............###..##.#)##.
##........d....####....#....
#..........@....##...##..##.
......#......$$....#.####..#.
...##........#..........##.#.
.. ##.....####......##.##.#.
##....# #..)...###.###.
##..## #....##..#...#. ##..
##...####..#... ##.## ##...#
#..#.#. #....#....####...##.


You could see a yellow draconian.

Vanquished Creatures
  A juggernaut (Depths:5)
  A caustic shrike (Depths:5)
  2 curse toes
  7 golden dragons
  the Enchantress (Depths:2)
  Arachne (Spider:3)
  An electric golem (Zot:1)
  4 tentacled monstrosities
  3 liches
  A titan (Depths:5)
  2 quicksilver dragons
  3 death cobs
  A tentacled starspawn (Depths:3)
  Kirke (Swamp:2)
  4 sphinxes
  6 thorn hunters
  3 shadow dragons
  3 storm dragons (Zot:1)
  5 tengu reavers
  2 draconian monks
  10 fire giants
  A deep elf sorcerer (Depths:5)
  4 ghost moths
  2 draconian scorchers
  7 iron dragons
  2 draconian shifters
  7 emperor scorpions
  A draconian stormcaller (Zot:1)
  6 frost giants
  Louise (Spider:2)
  2 orc warlords
  A draconian annihilator (Zot:2)
  5 spriggan defenders
  5 entropy weavers
  4 vampire knights
  7 stone giants
  16 very ugly things
  A deep elf annihilator (Depths:5)
  4 green draconians (Zot:2)
  2 white draconians (Zot:2)
  2 yellow draconians
  2 purple draconians
  3 black draconians (Zot:2)
  A dire elephant (Depths:2)
  3 red draconians
  14 spark wasps
  3 deep elf high priests
  A deep elf death mage (Depths:5)
  Josephine (D:15)
  9 fire dragons
  13 ettins
  7 great orbs of eyes
  2 merfolk impalers
  5 yaktaur captains
  3 ogre magi
  22 hydras
  6 ice dragons
  8 rakshasas
  A quicksilver dragon skeleton (Depths:3)
  5 ghost crabs
  A juggernaut simulacrum (Depths:1)
  A catoblepas (Abyss:4)
  An anaconda (Abyss:4)
  4 shambling mangroves
  6 spriggan air magi
  An alligator (shapeshifter) (Depths:2)
  9 deep troll shamans
  The ghost of Dominolapin the Slicer, a journeyman TeAs of Sif Muna (D:13)
  13 alligators
  8 centaur warriors
  4 two-headed ogres
  5 death yaks
  3 tengu warriors
  6 deep troll earth magi
  A vampire mage (Depths:5)
  A hell hog (Depths:3)
  5 spriggan berserkers
  3 orc high priests (Orc:2)
  A deep elf knight (D:13)
  14 spriggans
  An iron troll (Depths:5)
  2 salamander mystics (Depths:3)
  4 skeletal warriors (D:15)
  12 deep trolls
  An unseen horror (Abyss:2)
  3 hell knights
  A glowing orange brain (shapeshifter) (Depths:4)
  3 shadow wraiths (Abyss:3)
  A death drake (shapeshifter) (D:15)
  An unseen horror (shapeshifter) (Depths:4)
  2 glowing orange brains
  13 swamp dragons
  2 spriggan druids (Depths:2)
  A wolf spider zombie (D:15)
  2 wizards
  8 orc knights
  5 necromancers
  A shadow dragon zombie (Depths:3)
  25 orb spiders
  A mana viper (Abyss:4)
  6 orc sorcerers
  2 cyclopes
  27 wolf spiders
  28 ugly things
  5 oklob plants (Lair:6)
  A fire giant zombie (Depths:3)
  18 moths of wrath
  A salamander (shapeshifter) (Depths:5)
  7 manticores
  An elephant (Abyss:4)
  9 salamanders (Depths:3)
  7 black mambas
  2 molten gargoyles (Lair:6)
  2 black mambas (shapeshifter)
  An ice statue (IceCv)
  A fire giant skeleton (Depths:1)
  A torpor snail (Abyss:4)
  2 smoke demons (Abyss:2)
  12 spiny frogs
  2 rime drakes (Lair:1)
  13 yaktaurs
  15 demonic crawlers
  2 kobold demonologists
  A freezing wraith (D:15)
  2 efreet (D:15)
  12 komodo dragons
  A hydra zombie (Abyss:3)
  27 jumping spiders
  9 tyrant leeches
  5 tengu conjurers
  A silent spectre (Abyss:3)
  8 trolls
  3 meliai (Spider:4)
  14 polar bears (IceCv)
  A queen bee (Spider:4)
  32 hornets
  19 blink frogs
  12 hippogriffs
  23 slime creatures
  12 bog bodies
  4 dancing weapons
  A large abomination (Abyss:2)
  74 redbacks
  2 water elementals (Depths:2)
  A vampire (D:8)
  5 shadows
  2 redbacks (shapeshifter) (Depths:5)
  36 tarantellas
  7 wyverns
  6 hogs (Swamp:2)
  19 humans (D:13)
  A fire bat (shapeshifter) (D:14)
  5 wraiths (D:15)
  40 yaks
  2 small abominations
  A ynoxinul (Abyss:4)
  4 basilisks
  2 hungry ghosts
  A golden eye (shapeshifter) (D:13)
  27 vampire mosquitoes
  A steam dragon (Lair:6)
  14 swamp worms
  14 water moccasins
  5 wargs
  13 insubstantial wisps
  5 acid dragons
  2 floating eyes
  10 hell hounds
  7 porcupines
  11 swamp drakes
  4 black bears
  3 sky beasts
  2 phantoms (D:13)
  40 orc warriors
  9 ice beasts
  5 eyes of draining
  A necrophage (D:4)
  33 wolves
  16 ogres
  14 centaurs
  13 crocodiles
  7 big kobolds
  23 bullfrogs
  A wyvern zombie (D:13)
  2 scorpions
  18 killer bees
  2 wyvern skeletons (D:11)
  2 troll skeletons (Swamp:3)
  7 wights
  A howler monkey (shapeshifter) (Depths:2)
  2 electric eels
  7 crimson imps
  4 centaur zombies
  A bullfrog zombie (D:11)
  2 starcursed masses (Abyss:2)
  5 lava snakes (Lair:6)
  4 hounds
  6 centaur skeletons
  15 orc priests
  5 jellies
  4 bullfrog skeletons
  4 iguanas
  An iron imp (Depths:3)
  2 hell rats (Lair:4)
  24 orc wizards
  16 worker ants
  A hound zombie (D:5)
  4 gnolls (D:7)
  9 adders
  7 river rats (Lair:4)
  6 shadow imps
  2 oozes
  An adder skeleton (D:7)
  An adder zombie (D:7)
  3 worms (D:2)
  2 dart slugs
  6 leopard geckos
  67 orcs
  3 giant cockroaches
  3 goblins
  7 hobgoblins
  4 jackals
  24 kobolds
  6 quokkas
  A ball python (D:3)
  4 bats
  2 frilled lizards
  2 jackal skeletons
  A leopard gecko skeleton (D:8)
  A quokka zombie (D:9)
  10 rats
  3 briar patches (Depths:2)
  A plant (Spider:4)
  2 starspawn tentacles (Depths:3)
1585 creatures vanquished.

Vanquished Creatures (collateral kills)
  3 golden dragons (Zot:1)
  2 tentacled monstrosities
  A quicksilver dragon (Zot:1)
  Asterion (Spider:1)
  2 titans (Depths:5)
  Frances (Spider:1)
  2 shadow dragons
  A tengu reaver (Depths:2)
  A frost giant (Depths:1)
  A fire giant (Depths:5)
  A draconian scorcher (Zot:1)
  3 vampire knights
  4 ettins
  A yaktaur captain (Depths:5)
  A hydra (Swamp:4)
  A vault guard (D:13)
  3 two-headed ogres
  A deep troll shaman (Depths:5)
  A tengu warrior (Depths:2)
  4 deep trolls (Depths:5)
  2 swamp dragons (Swamp:2)
  An orc knight (Orc:2)
  Psyche (D:9)
  A komodo dragon (shapeshifter) (Depths:2)
  A yaktaur (Depths:5)
  A hornet (Swamp:1)
  2 blink frogs (Lair:1)
  A spriggan (Swamp:1)
  5 orc warriors
  A swamp drake (Swamp:4)
  An ogre (Orc:2)
  2 wights (D:6)
  A shadow imp (D:7)
  5 orcs
  A fungus (Depths:5)
61 creatures vanquished.

Vanquished Creatures (others)
  Nikola (Spider:3)
  A manticore (D:15)
  An ugly thing (D:15)
  A wolf spider (Spider:1)
  A hornet (Swamp:3)
  A spriggan (Swamp:3)
  A yak (IceCv)
  A redback (Spider:1)
  12 dancing weapons
  6 wolves (IceCv)
  17 bushes
  A demonic plant (Abyss:4)
  6 fungi
  A lurking horror (Abyss:2)
  37 plants
  10 starspawn tentacles
98 creatures vanquished.

Grand Total: 1744 creatures vanquished

Notes
Turn   | Place    | Note
-------+----------+-------------------------------------------
     0 | D:1      | Amnesiac the Felid Enchanter began the quest for the Orb.
     0 | D:1      | Reached XP level 1. HP: 7/7 MP: 4/4
   447 | D:2      | Upgraded the game from 0.24-a0-358-g53aee78b01 to
                  | 0.24-a0-361-g57161393b2
   528 | D:2      | You fall into a shaft and drop 2 floors!
   534 | D:4      | Found a staircase to the Ecumenical Temple.
   548 | Temple   | Entered the Ecumenical Temple
   694 | Temple   | Became a worshipper of Gozag Ym Sagoz the Greedy
   711 | D:4      | Reached XP level 2. HP: 8/11 MP: 6/6
   717 | D:4      | Learned a level 2 spell: Ensorcelled Hibernation
   727 | D:4      | Noticed a hippogriff
   792 | D:4      | Noticed a necrophage
   986 | D:4      | Noticed an ogre
  1008 | D:4      | Killed an ogre
  1008 | D:4      | Reached skill level 1 in Fighting
  1008 | D:4      | Reached XP level 3. HP: 15/15 MP: 7/7
  1008 | D:4      | Reached XP level 4. HP: 19/19 MP: 8/8
  1056 | D:4      | Learned a level 3 spell: Confuse
  1334 | D:3      | Noticed an orc warrior
  1463 | D:1      | Reached skill level 5 in Hexes
  2235 | D:2      | Reached XP level 5. HP: 22/22 MP: 5/9
  2379 | D:2      | Learned a level 3 spell: Tukima's Dance
  3005 | D:3      | Killed an orc warrior
  3382 | D:3      | Reached skill level 5 in Stealth
  3760 | D:3      | Gained mutation: You are covered in thick fur. (AC +2)
                  | [Felid growth]
  3760 | D:3      | Reached XP level 6. HP: 26/26 MP: 11/11
  4287 | D:5      | Entered Level 5 of the Dungeon
  4358 | D:4      | Killed a hippogriff
  4358 | D:4      | Reached XP level 7. HP: 11/30 MP: 5/12
  4598 | D:5      | Found a transporter.
  4991 | D:5      | Found a blossoming altar of Fedhas.
  5050 | D:5      | Reached skill level 5 in Dodging
  5095 | D:5      | Reached skill level 6 in Stealth
  5419 | D:5      | Found a transporter.
  5681 | D:5      | Reached skill level 5 in Unarmed Combat
  5681 | D:5      | Reached XP level 8. HP: 34/34 MP: 7/14
  5708 | D:5      | Learned a level 3 spell: Dazzling Spray
  6401 | D:5      | Engulfed by a cloud of freezing vapour
  6402 | D:5      | Reached XP level 7. HP: 0/31 MP: 13/13
  7431 | D:6      | Reached skill level 7 in Stealth
  7496 | D:6      | Killed from afar by an orc wizard
  7497 | D:6      | Reached XP level 6. HP: -9/28 MP: 0/13
  7626 | D:6      | Reached XP level 7. HP: 25/31 MP: 1/14
  8307 | D:7      | Noticed a hippogriff
  8335 | D:7      | Killed a hippogriff
  8523 | D:7      | Noticed a hippogriff
  8565 | D:7      | Reached XP level 8. HP: 25/34 MP: 12/15
  9027 | D:7      | Killed a hippogriff
  9027 | D:7      | Reached skill level 8 in Stealth
  9143 | D:7      | Reached skill level 5 in Spellcasting
  9467 | D:7      | Learned a level 1 spell: Confusing Touch
 10067 | D:8      | Reached XP level 9. HP: 37/37 MP: 14/17
 10817 | D:8      | Noticed a two-headed ogre
 10828 | D:8      | Reached skill level 9 in Stealth
 10872 | D:7      | Killed a two-headed ogre
 10872 | D:7      | Reached XP level 10. HP: 27/43 MP: 1/18
 11266 | D:8      | Found an ornate altar of the Wu Jian Council.
 11767 | D:9      | Learned a level 5 spell: Summon Mana Viper
 12134 | D:9      | Found a shimmering altar of Xom.
 12134 | D:9      | Found a shadowy altar of Dithmenos.
 12135 | D:9      | Found a white marble altar of Elyvilon.
 12135 | D:9      | Noticed Psyche
 12142 | D:9      | Killed Psyche
 12590 | D:10     | Entered Level 10 of the Dungeon
 12644 | D:10     | Found a staircase to the Orcish Mines.
 12754 | D:10     | Reached skill level 5 in Fighting
 12790 | D:10     | Reached skill level 10 in Stealth
 12828 | D:10     | Reached skill level 10 in Unarmed Combat
 12864 | D:10     | Noticed a cyan ugly thing
 12965 | D:10     | Killed a cyan ugly thing
 12965 | D:10     | Reached skill level 10 in Hexes
 13535 | D:9      | Reached skill level 10 in Dodging
 13535 | D:9      | Reached XP level 11. HP: 48/48 MP: 8/19
 13821 | D:11     | Noticed a green ugly thing
 13823 | D:11     | Noticed a two-headed ogre
 13826 | D:11     | Noticed a red ugly thing
 13829 | D:11     | Killed a green ugly thing
 14197 | Orc:1    | Entered Level 1 of the Orcish Mines
 14384 | Orc:1    | Noticed an ettin
 14410 | Orc:1    | Killed an ettin
 14418 | Orc:1    | Noticed an orc knight
 14566 | Orc:1    | Killed an orc knight
 14566 | Orc:1    | Reached skill level 11 in Stealth
 14708 | Orc:1    | You fall into a shaft and drop 1 floor!
 14708 | Orc:2    | Entered Level 2 of the Orcish Mines
 14810 | Orc:2    | Found a roughly hewn altar of Beogh.
 15138 | Orc:2    | Found a staircase to the Elven Halls.
 15227 | Orc:2    | Noticed an orc knight
 15231 | Orc:2    | Noticed an orc warlord
 15236 | Orc:2    | Noticed an orc knight
 15569 | Orc:1    | Killed an orc knight
 15871 | Orc:2    | Found Saw Lirch's Book Shoppe.
 15877 | Orc:2    | Noticed an orc knight
 15877 | Orc:2    | Noticed an orc knight
 15880 | Orc:2    | Noticed an orc sorcerer
 15889 | Orc:2    | Noticed an orc high priest
 15889 | Orc:2    | Noticed an orc sorcerer
 15915 | Orc:2    | Killed an orc sorcerer
 15920 | Orc:2    | Noticed a sun demon
 15935 | Orc:2    | Noticed an orc warlord
 16228 | Orc:2    | Noticed a soul eater
 16311 | Orc:2    | Noticed an orc sorcerer
 16312 | Orc:2    | Killed an orc knight
 16321 | Orc:2    | Killed an orc sorcerer
 16321 | Orc:2    | Gained mutation: Your thick and shaggy fur keeps you warm.
                  | (AC +3, rC+) [Felid growth]
 16321 | Orc:2    | Reached XP level 12. HP: 48/53 MP: 6/20
 16551 | Orc:1    | Killed an orc warlord
 16586 | Orc:2    | Reached skill level 12 in Stealth
 17005 | Orc:2    | Killed an orc high priest
 17145 | Orc:2    | Killed an orc warlord
 17528 | Orc:2    | Noticed an orc high priest
 17543 | Orc:2    | Killed an orc high priest
 17634 | Orc:2    | Noticed an orc high priest
 17920 | Orc:2    | Killed an orc high priest
 18013 | Orc:2    | Found Bethizipn's Antique Weapon Shoppe.
 18014 | Orc:2    | Found Sikifu's Jewellery Boutique.
 18035 | Orc:2    | Found Fetaaj's Assorted Antiques.
 18041 | Orc:2    | Bought a scroll of teleportation for 87 gold pieces
 18041 | Orc:2    | Bought a scroll of teleportation for 87 gold pieces
 18041 | Orc:2    | Bought a scroll of blinking for 217 gold pieces
 18078 | Orc:2    | Bought the amulet "Oginykem" {Spirit +Fly rC+} for 737 gold
                  | pieces
 18192 | Orc:2    | Learned a level 5 spell: Yara's Violent Unravelling
 18293 | D:11     | Found a staircase to the Lair.
 18816 | D:11     | Killed a two-headed ogre
 18822 | D:11     | Reached skill level 10 in Fighting
 18997 | D:11     | Reached XP level 13. HP: 59/61 MP: 23/23
 19290 | Lair:1   | Entered Level 1 of the Lair of Beasts
 19580 | Lair:1   | Found a frozen archway.
 19642 | IceCv    | Entered an ice cave
 20796 | IceCv    | Noticed a frost giant
 21144 | IceCv    | Killed a frost giant
 21144 | IceCv    | Reached skill level 10 in Spellcasting
 21243 | IceCv    | Learned a level 5 spell: Metabolic Englaciation
 24207 | Lair:3   | HP: 3/63 [komodo dragon (33)]
 24881 | Lair:3   | Reached XP level 14. HP: 28/67 MP: 14/29
 25143 | Lair:3   | Found a staircase to the Swamp.
 25228 | Lair:3   | Found a hole to the Spider Nest.
 26486 | Lair:4   | Got a transparent pewter ring
 26488 | Lair:4   | Identified the ring of the Kraken {Fire Str+4 Int+4} (You
                  | found it on level 4 of the Lair of Beasts)
 27932 | Lair:6   | Entered Level 6 of the Lair of Beasts
 28076 | Lair:6   | Paralysed by a floating eye for 4 turns
 28252 | Lair:6   | Found a large runed translucent door.
 28306 | Lair:6   | Found a large runed translucent door.
 28883 | Lair:6   | HP: 3/71 [death yak (1)]
 28888 | Lair:6   | HP: 1/71 [death yak (3)]
 29574 | Lair:6   | Found a staircase to the Slime Pits.
 29917 | Lair:6   | Gained mutation: Your spells are a little easier to cast,
                  | but a little less powerful. [you]
 30555 | Lair:6   | Lost mutation: Your spells are a little easier to cast, but
                  | a little less powerful. [potion of mutation]
 30555 | Lair:6   | Gained mutation: Your spells are a little harder to cast,
                  | but a little more powerful. [potion of mutation]
 30555 | Lair:6   | Gained mutation: You are somewhat resistant to further
                  | mutation. [potion of mutation]
 32359 | D:13     | Reached skill level 15 in Fighting
 32867 | D:13     | Reached XP level 15. HP: 44/77 MP: 22/30
 33156 | D:13     | Found a gate to the Vaults.
 33712 | D:13     | Found Daqasineli's Distillery.
 33851 | D:13     | Found a runed translucent door.
 33854 | D:13     | Noticed Dominolapin's ghost (journeyman TeAs)
 34316 | D:13     | Killed Dominolapin's ghost
 34470 | D:14     | Reached skill level 13 in Stealth
 34615 | D:14     | Learned a level 3 spell: Conjure Flame
 34745 | D:14     | You fall into a shaft and drop 1 floor!
 34745 | D:15     | Entered Level 15 of the Dungeon
 35265 | D:15     | Found a deep blue altar of Sif Muna.
 35379 | D:15     | Noticed Josephine
 35764 | D:15     | Reached skill level 14 in Stealth
 36561 | D:15     | Killed Josephine
 36773 | D:15     | Found a staircase to the Depths.
 36881 | D:15     | Noticed Roxanne
 38959 | Orc:2    | Bought 2 potions of mutation for 464 gold pieces
 39097 | Swamp:1  | Entered Level 1 of the Swamp
 39155 | Swamp:1  | Bought the ring of Robustness {AC+8} for 2304 gold pieces
 39155 | Swamp:1  | Found the ring of Robustness {AC+8}
 39155 | Swamp:1  | Bought the ring of Shadows {Umbra +Inv Stlth+} for 720 gold
                  | pieces
 39155 | Swamp:1  | Found the ring of Shadows {Umbra +Inv Stlth+}
 39336 | Swamp:1  | Reached skill level 1 in Evocations
 39374 | Swamp:1  | Reached XP level 16. HP: 50/81 MP: 10/31
 39709 | Swamp:1  | Reached skill level 5 in Evocations
 41217 | Swamp:2  | Noticed a thorn hunter
 41236 | Swamp:2  | Killed a thorn hunter
 41899 | Swamp:2  | Noticed Kirke
 41954 | Swamp:2  | Killed Kirke
 42134 | Swamp:3  | Reached skill level 15 in Stealth
 42134 | Swamp:3  | Reached skill level 15 in Hexes
 42536 | Swamp:3  | Noticed a thorn hunter
 43078 | Swamp:3  | Killed a thorn hunter
 43078 | Swamp:3  | Reached skill level 16 in Stealth
 43769 | Swamp:4  | Entered Level 4 of the Swamp
 44133 | Swamp:4  | Found a runed translucent gate.
 44133 | Swamp:4  | Found a runed translucent gate.
 44133 | Swamp:4  | Found a runed translucent gate.
 44170 | Swamp:4  | Noticed a thorn hunter
 44274 | Swamp:4  | Killed a thorn hunter
 44487 | Swamp:4  | HP: 4/81 [eight-headed hydra (4)]
 45159 | Swamp:4  | HP: 4/81 [poisoned by something (poison gas)]
 45166 | Swamp:4  | HP: 2/81 [poisoned by something (poison gas)]
 45171 | Swamp:4  | HP: 1/81 [poisoned by something (poison gas)]
 45178 | Swamp:4  | HP: 1/81 [poisoned by something (poison gas)]
 45186 | Swamp:4  | HP: 1/81 [poisoned by something (poison gas)]
 45552 | Swamp:4  | Learned a level 3 spell: Regeneration
 45788 | Swamp:3  | Bought a ration for 60 gold pieces
 45788 | Swamp:3  | Bought a ration for 60 gold pieces
 45788 | Swamp:3  | Bought a ration for 60 gold pieces
 45788 | Swamp:3  | Bought a ration for 60 gold pieces
 45788 | Swamp:3  | Bought a ration for 60 gold pieces
 45788 | Swamp:3  | Bought a ration for 60 gold pieces
 45788 | Swamp:3  | Bought a ration for 60 gold pieces
 45788 | Swamp:3  | Bought a ration for 60 gold pieces
 45788 | Swamp:3  | Bought a ration for 60 gold pieces
 45788 | Swamp:3  | Bought a ration for 60 gold pieces
 45788 | Swamp:3  | Bought a ration for 60 gold pieces
 45803 | Swamp:4  | Reached skill level 17 in Stealth
 46168 | Swamp:4  | Reached XP level 17. HP: 72/85 MP: 30/32
 46762 | Swamp:4  | HP: 4/85 [seven-headed hydra (3)]
 47094 | Swamp:4  | Reached skill level 15 in Unarmed Combat
 47571 | Swamp:4  | Noticed Somebody's ghost (journeyman DrEE)
 47572 | Swamp:4  | Noticed Laiders72's ghost (adept DDFi)
 47572 | Swamp:4  | Noticed Inabeac's ghost (journeyman MiBe)
 47572 | Swamp:4  | Noticed Byucvearph's ghost (adept DrBe)
 47636 | Swamp:3  | HP: 1/85 [Byucvearph's ghost (10)]
 48673 | Swamp:4  | Reached skill level 18 in Stealth
 48888 | Swamp:4  | Got a decaying rune of Zot
 49141 | Spider:1 | Entered Level 1 of the Spider Nest
 49147 | Spider:1 | Found the +8 orange crystal plate armour {Archmagi, Int+3
                  | Clar}
 49365 | Spider:1 | Blown up by an orb spider
 49366 | Spider:1 | Reached XP level 16. HP: -6/81 MP: 0/31
 49954 | Spider:1 | Noticed Frances
 49989 | Spider:1 | Killed Frances
 50002 | Spider:1 | Noticed Asterion
 50579 | Spider:1 | Slain by a balrug
 50580 | Spider:1 | Reached XP level 15. HP: 0/77 MP: 0/30
 50580 | Spider:1 | Killed Asterion
 51402 | Spider:2 | Identified the +7 large shield "Rasymipo" {+Blink}
 51402 | Spider:2 | Noticed Louise
 51411 | Spider:2 | Killed Louise
 52050 | Spider:2 | Noticed a ghost moth
 52057 | Spider:2 | Killed a ghost moth
 52346 | Spider:3 | Reached skill level 19 in Stealth
 52633 | Spider:3 | Noticed Arachne
 52657 | Spider:3 | Killed Arachne
 52657 | Spider:3 | Reached XP level 16. HP: 52/82 MP: 5/31
 53780 | Spider:4 | Entered Level 4 of the Spider Nest
 53816 | Spider:4 | Noticed Nikola
 54328 | Spider:3 | Killed Nikola
 56623 | Spider:4 | Reached skill level 20 in Stealth
 56882 | Spider:4 | HP: 2/83 [poisoned by an emperor scorpion]
 57266 | Spider:4 | Reached XP level 17. HP: 34/87 MP: 1/32
 57709 | Spider:4 | Got a gossamer rune of Zot
 58047 | Depths:1 | Entered Level 1 of the Depths
 58312 | Orc:2    | Bought a leatherbound book for 435 gold pieces
 58316 | Orc:2    | Learned a level 3 spell: Mephitic Cloud
 58512 | Depths:1 | Bought a book of Geomancy for 525 gold pieces
 58512 | Depths:1 | Bought a book of Spatial Translocations for 975 gold pieces
 58516 | Depths:1 | Learned a level 2 spell: Passwall
 58671 | Depths:1 | Found a glowing golden altar of the Shining One.
 58739 | Depths:1 | Found a shadowy altar of Dithmenos.
 58798 | Depths:1 | Found a shadowy altar of Dithmenos.
 59505 | Depths:1 | Found a gateway to Hell.
 59559 | Depths:1 | Learned a level 2 spell: Blink
 59796 | Depths:1 | Learned a level 1 spell: Summon Butterflies
 59914 | Depths:2 | Found Witim's Antique Armour Boutique.
 60317 | Depths:2 | Reached skill level 15 in Dodging
 60580 | Depths:2 | Found a gateway to a ziggurat.
 60580 | Depths:2 | Noticed a lich
 60875 | Depths:2 | Identified the ring "Lalof" {Fire rElec Dex+3}
 61561 | Depths:2 | Found a radiant altar of Vehumet.
 61759 | Depths:2 | Identified the +5 faerie dragon scales {*Contam rCorr Str+7
                  | SInv}
 61759 | Depths:2 | Noticed the Enchantress
 61869 | Depths:2 | Reached XP level 18. HP: 49/91 MP: 20/36
 62179 | Depths:2 | Bought a ration for 65 gold pieces
 62179 | Depths:2 | Bought a ration for 65 gold pieces
 62179 | Depths:2 | Bought a ration for 65 gold pieces
 62179 | Depths:2 | Bought a ration for 65 gold pieces
 62179 | Depths:2 | Bought a ration for 65 gold pieces
 62179 | Depths:2 | Bought a ration for 65 gold pieces
 62179 | Depths:2 | Bought a ration for 65 gold pieces
 62179 | Depths:2 | Bought a ration for 65 gold pieces
 62179 | Depths:2 | Bought a ration for 65 gold pieces
 62179 | Depths:2 | Bought a ration for 65 gold pieces
 62179 | Depths:2 | Bought a ration for 65 gold pieces
 62227 | Depths:2 | Killed the Enchantress
 62639 | Depths:2 | Killed a lich
 63341 | Depths:3 | You fall into a shaft and drop 1 floor!
 63445 | Depths:3 | You fall into a shaft and drop 2 floors!
 63445 | Depths:5 | Entered Level 5 of the Depths
 63445 | Depths:5 | Found a snail-covered altar of Cheibriados.
 63445 | Depths:5 | Found a radiant altar of Vehumet.
 63445 | Depths:5 | Found an opulent altar of Gozag.
 64481 | Depths:3 | Found a one-way gate leading to the halls of Pandemonium.
 64911 | Depths:3 | Reached skill level 15 in Spellcasting
 65030 | Depths:3 | Reached skill level 1 in Transmutations
 65046 | Depths:3 | Reached skill level 1 in Earth Magic
 65556 | Depths:3 | Noticed a lich
 65558 | Depths:3 | Cast into level 4 of the Abyss (a lich)
 65563 | Abyss:4  | Identified a scroll of acquirement
 65758 | Depths:3 | Escaped the Abyss
 66154 | Depths:3 | Killed a lich
 66293 | Depths:3 | Noticed a golden dragon
 66310 | Depths:3 | Killed a golden dragon
 66310 | Depths:3 | Reached skill level 5 in Transmutations
 66425 | Depths:3 | Learned a level 5 spell: Lee's Rapid Deconstruction
 66438 | Depths:3 | Noticed a golden dragon
 66476 | Depths:3 | Killed a golden dragon
 66476 | Depths:3 | Reached skill level 5 in Earth Magic
 66826 | Depths:3 | Learned a level 2 spell: Swiftness
 66914 | Depths:4 | Reached XP level 19. HP: 95/95 MP: 39/39
 67928 | Depths:4 | Found a one-way gate to the infinite horrors of the Abyss.
 68557 | Depths:4 | Noticed a golden dragon
 68571 | Depths:4 | Voluntarily entered the Abyss.
 68879 | Abyss:2  | Noticed a bone dragon
 68989 | Abyss:2  | Paralysed by accursed screaming for 2 turns
 69015 | Abyss:2  | HP: 4/96 [starcursed mass/accursed screaming (3)]
 69184 | Abyss:3  | Found a corrupted altar of Lugonu.
 69222 | Abyss:3  | Found a corrupted altar of Lugonu.
 69641 | Abyss:3  | Learned a level 2 spell: Sublimation of Blood
 69813 | Abyss:3  | Reached skill level 1 in Charms
 69833 | Abyss:3  | Reached skill level 1 in Necromancy
 69890 | Abyss:3  | Got an abyssal rune of Zot
 69897 | Depths:4 | Escaped the Abyss
 70608 | Depths:4 | Slain by a fire giant
 70609 | Depths:4 | Reached XP level 18. HP: -1/92 MP: 0/38
 70679 | Depths:4 | Reached skill level 21 in Stealth
 70997 | Depths:4 | Killed a tentacled monstrosity
 71204 | Depths:4 | Killed a golden dragon
 72000 | Depths:5 | Noticed a golden dragon
 72030 | Depths:5 | Killed a golden dragon
 72928 | Depths:5 | Found a gate to the Realm of Zot.
 73095 | Depths:5 | Reached XP level 19. HP: 45/96 MP: 13/39
 73288 | Depths:5 | Reached skill level 5 in Charms
 73503 | Depths:5 | Noticed a lich
 73515 | Depths:5 | Killed a lich
 73524 | Depths:5 | Noticed a caustic shrike
 73898 | Depths:5 | Killed a caustic shrike
 74275 | Depths:5 | Reached skill level 5 in Necromancy
 74558 | Depths:5 | Noticed a golden dragon
 74578 | Depths:5 | Killed a golden dragon
 74695 | Depths:5 | Identified the +2 robe of Kuboahac {rF++ Stlth-}
 76139 | Depths:5 | Noticed a juggernaut
 76147 | Depths:5 | Reached skill level 22 in Stealth
 76463 | Depths:5 | Noticed a golden dragon
 76464 | Depths:5 | Identified the +4 long sword of Ogazu {vamp, rC+}
 77096 | Depths:5 | Killed a golden dragon
 77377 | Depths:5 | Noticed a golden dragon
 78446 | Depths:5 | Killed a juggernaut
 79380 | Zot:1    | Entered Level 1 of the Realm of Zot
 79380 | Zot:1    | Noticed a curse toe
 79380 | Zot:1    | Noticed a golden dragon
 79380 | Zot:1    | Noticed an electric golem
 79381 | Zot:1    | Noticed a golden dragon
 79406 | Zot:2    | Reached XP level 20. HP: 102/102 MP: 38/40
 79920 | Zot:1    | Noticed a golden dragon
 80014 | Zot:1    | Killed a golden dragon
 80555 | Zot:1    | Killed a golden dragon
 80946 | Zot:1    | Learned a level 5 spell: Dispel Undead
 80974 | Zot:1    | Killed a golden dragon
 80974 | Zot:1    | Reached skill level 23 in Stealth
 81088 | Zot:1    | Killed a curse toe
 81287 | Zot:1    | Learned a level 5 spell: Irradiate
 81295 | Zot:1    | Noticed a golden dragon
 81320 | Zot:1    | Killed a golden dragon
 81320 | Zot:1    | Reached skill level 1 in Conjurations
 82075 | Zot:2    | Killed from afar by a red draconian annihilator
 82076 | Zot:2    | Reached XP level 19. HP: -3/99 MP: 0/39
 82269 | Zot:2    | Reached skill level 5 in Conjurations
 82900 | Zot:2    | Noticed a curse toe
 82921 | Zot:2    | Killed a curse toe
 83096 | Zot:2    | HP: 4/148 [acid (9)]
 83098 | Zot:2    | Slain by a yellow draconian

Levels and vault maps discovered:
D:1:      shiori_shiawase, layout_basic, nrook_mini_vaults
D:2:      layout_loops_ring, first_ration
D:3:      minmay_diamond_boxcup, layout_basic
D:4:      layout_gridville, temple_pool_b
D:5:      gammafunk_cloud_chamber, layout_basic, lemuel_crystal_altar
D:6:      layout_rooms, minmay_stone_trees_small, grunt_tough_drop
D:7:      layout_cave_pools, serial_bayou_pond_e, grunt_ogre_cave
D:8:      minmay_the_grid_octo_tiled_squarecenter [minmay_the_grid_octo_teeth,
          minmay_the_grid_octo_vomiting_pacman, minmay_the_grid_octo_concentric,
          minmay_the_grid_octo_focus,
          minmay_the_grid_square_5x5_megaprize_diamond,
          minmay_the_grid_square_5x5_bridge, minmay_the_grid_square_5x5_inner_i,
          minmay_the_grid_square_5x5_mess, minmay_the_grid_square_5x5_minimal],
          layout_gridville
D:9:      layout_long_grid, chequers_temple_overflow_statue_of_worship,
          uniq_psyche
D:10:     layout_irregular_city, erik_orc_4
D:11:     layout_rooms, grunt_lair_entry_orc_guard_hut
D:12:     layout_basic
D:13:     layout_roguey, grunt_vaults_entry_tiered, serial_shops,
          shop_fountains, ebering_ghost_inner_flame,
          minmay_fractal_squares_gapless_7
D:14:     layout_stronghold, nrook_uturn
D:15:     hangedman_depths_entry_civil_slaughter, layout_basic,
          minmay_misc_feat_pillars, basic_altar, uniq_roxanne, uniq_josephine
Temple:   regret_index_temple_mists
Lair:1:   layout_cave_pods, portal_ice_cave_rime
Lair:2:   layout_gridlike, chequers_serial_rivers_small_b, grunt_megastairs_4
Lair:3:   layout_misc_corridors, minmay_swamp_entry_swarm,
          spider_nest_entry_funnel_web
Lair:4:   layout_gridlike, kennysheep_abandoned_house, lemuel_fruit_tree
Lair:5:   layout_cave_pods, serial_rivers, chequers_serial_rivers_large_a,
          chequers_serial_rivers_room_b, chequers_serial_rivers_micro_d,
          chequers_serial_rivers_micro_e, grunt_megastairs_5
Lair:6:   cheibrodos_lair_end_hotspot, layout_gridlike,
          minmay_slime_entry_oklob_enclosed, disabler_island
Swamp:1:  layout_falls_marsh, evilmike_swamp_ruin_house_5, swamp_pool2,
          infiniplex_staircase_pool
Swamp:2:  layout_basic_swamp, evilmike_swamp_ruin_rubble_1,
          infiniplex_staircase_pool_2, uniq_kirke
Swamp:3:  layout_basic_swamp, evilmike_swamp_ruin_house_4, swamp_pool2,
          cheibrodos_swamp_minitomb
Swamp:4:  swamp_basic_johnstein, layout_basic_swamp, gammafunk_ghost_cemetery,
          swamp_pool2
Spider:1: layout_spider_delve, uniq_asterion, uniq_frances
Spider:2: layout_chambers, uniq_louise
Spider:3: layout_spider_delve, hangedman_spider_tarantella_strand, uniq_arachne
Spider:4: guppyfry_spider_rune, nicolae_looking_at_the_future, uniq_nikola
Orc:1:    layout_caves
Orc:2:    st_orc_elflike, layout_diamond_mine, basic_altar, minmay_orc_treasury
Depths:1: layout_gridlike, tso_metal_star, hell_entry, hangedman_feature_mirror,
          kennysheep_generic_room_3
Depths:2: grunt_forest_end_shrine, layout_gridlike, enter_ziggurat_b,
          hell_entry, hangedman_glass_teeth, serial_shops,
          nicolae_shop_behind_doors, infiniplex_staircase_zigzag_3,
          kennysheep_random_hallway
Depths:3: kennysheep_four_of_diamonds, layout_cave_pools, grunt_hell_horde,
          grunt_pan_entry_spiral, minmay_misc_feat_roman,
          infiniplex_staircase_zigzag_1
Depths:4: wad_statue_garden, layout_basic, hell_entry,
          hangedman_abyss_or_decor_stabs, marbit_kobold_abyss_entry
Depths:5: hangedman_slaughterboxes, hell_entry
Zot:1:    layout_gridlike, evilmike_ambush [evilmike_ambush_outer_basic,
          evilmike_ambush_inner_basic]
Zot:2:    layout_cathedral_of_symmetry

Skill      XL: |  1  2  3  4  5  6  7  8  9 10 11 12 13 14 15 16 17 18 19 20 |
---------------+-------------------------------------------------------------+-----
Dodging        | 3 4 6 7 8 10 11 12 13 14 15 | 15.0
Fighting       | 1 2 3 4 5 6 10 11 15 16 18 | 18.8
Unarmed Combat | 2 3 6 5 8 9 10 11 12 13 16 15 18 | 18.8
Hexes          | 5 7 8 9 10 11 12 14 15 | 15.0
Stealth        | 5 7 8 9 10 11 12 19 20 18 21 22 23 | 23.3
Spellcasting   | 3 4 5 6 10 13 15 | 15.0
Evocations     | 3 8 |  8.0
Transmutations | 5 |  5.0
Earth Magic    | 5 |  5.0
Charms         | 4 5 |  5.0
Necromancy     | 4 5 |  5.0
Conjurations   | 5 3 |  5.0

Action                   |  1- 3 |  4- 6 |  7- 9 | 10-12 | 13-15 | 16-18 | 19-21 || total
-------------------------+-------+-------+-------+-------+-------+-------+-------++-------
Melee: Unarmed           |    30 |   154 |   294 |   533 |  1768 |  2028 |   654 ||  5461
       Bite              |     1 |    14 |    18 |    44 |   185 |   179 |    63 ||   504
       Punch             |       |     2 |     9 |    19 |    99 |   104 |    51 ||   284
 Cast: Corona            |     1 |       |       |       |       |       |       ||     1
       Ensorcelled Hiber |     2 |    15 |    55 |    84 |   120 |   295 |    60 ||   631
       Confuse           |       |    21 |    46 |   120 |    41 |   112 |    98 ||   438
       Tukima's Dance    |       |     7 |    16 |    32 |    16 |    28 |     5 ||   104
       Dazzling Spray    |       |       |    11 |    37 |    18 |     9 |     2 ||    77
       Confusing Touch   |       |       |       |    17 |   257 |   182 |    20 ||   476
       Yara's Violent Un |       |       |       |       |     9 |    52 |    15 ||    76
       Metabolic Englaci |       |       |       |       |     4 |     9 |     1 ||    14
       Summon Mana Viper |       |       |       |       |     3 |    14 |    56 ||    73
       Regeneration      |       |       |       |       |       |    19 |    16 ||    35
       Mephitic Cloud    |       |       |       |       |       |    16 |     4 ||    20
       Blink             |       |       |       |       |       |    17 |    14 ||    31
       Lee's Rapid Decon |       |       |       |       |       |     4 |    32 ||    36
       Passwall          |       |       |       |       |       |     2 |    35 ||    37
       Irradiate         |       |       |       |       |       |       |     6 ||     6
       Summon Butterflie |       |       |       |       |       |       |     1 ||     1
       Swiftness         |       |       |       |       |       |       |     1 ||     1
       Sublimation of Bl |       |       |       |       |       |       |     1 ||     1
       Dispel Undead     |       |       |       |       |       |       |     3 ||     3
Invok: Potion Petition   |       |       |       |     2 |     1 |     6 |     7 ||    16
       Call Merchant     |       |       |       |       |     2 |     3 |       ||     5
 Abil: Evoke Flight      |       |       |       |       |     8 |    34 |     7 ||    49
       Stop Flying       |       |       |       |       |     1 |       |     1 ||     2
       Evoke Invisibilit |       |       |       |       |     6 |    10 |       ||    16
Evoke: Wand              |     1 |     1 |     4 |    32 |     8 |    43 |    16 ||   105
       Lamp of fire      |       |       |       |       |     1 |     3 |     1 ||     5
       Phantom mirror    |       |       |       |       |     1 |       |     1 ||     2
       Lightning rod     |       |       |       |       |       |    10 |    10 ||    20
       Phial of floods   |       |       |       |       |       |     4 |     2 ||     6
       Box of beasts     |       |       |       |       |       |       |     1 ||     1
  Use: Scroll            |     4 |     4 |    13 |     6 |     5 |    14 |    15 ||    61
       Potion            |     1 |       |     5 |     2 |     3 |    17 |    21 ||    49
 Stab: Sleeping          |     6 |    16 |    46 |    57 |   148 |   264 |    55 ||   592
       Confused          |       |     9 |    23 |    81 |   214 |   203 |    71 ||   601
       Distracted        |       |     2 |     2 |     6 |    15 |    20 |    18 ||    63
       Invisible         |       |       |     5 |    13 |    11 |    42 |     4 ||    75
       Paralysed         |       |       |       |     1 |       |     2 |     2 ||     5
       Held in net/web   |       |       |       |       |       |     1 |       ||     1
  Eat: Chunk             |     7 |       |       |       |     3 |       |       ||    10
       Ration            |       |     4 |     5 |    14 |    28 |    37 |    17 ||   105
Armor: Skin              |     1 |     6 |    11 |     8 |    48 |   217 |    59 ||   350
Dodge: Dodged            |    25 |   105 |   264 |   526 |  1479 |  2313 |   684 ||  5396

Table legend:
 A = Non-vault XP
 B = Vault XP
 C = Vault XP percentage of total XP
 D = Non-vault monster count
 E = Vault monster count
 F = Vault count percentage of total count
                 A         B        C        D         E       F
            +---------+---------+-------+---------+---------+-------
      Total |  396487 |  383587 |  49.2 |    1029 |     611 |  37.3
            +---------+---------+-------+---------+---------+-------
        D:1 |      27 |       0 |   0.0 |      12 |       0 |   0.0
        D:2 |      33 |       0 |   0.0 |      15 |       0 |   0.0
        D:3 |     162 |      23 |  12.4 |      13 |       6 |  31.6
        D:4 |     572 |       0 |   0.0 |       7 |       0 |   0.0
        D:5 |     531 |     386 |  42.1 |      14 |       3 |  17.6
        D:6 |     866 |      52 |   5.7 |      28 |       3 |   9.7
        D:7 |    1683 |     121 |   6.7 |      23 |       1 |   4.2
        D:8 |    1612 |    2487 |  60.7 |      28 |      34 |  54.8
        D:9 |    1799 |     422 |  19.0 |      21 |       1 |   4.5
       D:10 |    2560 |     626 |  19.6 |      19 |      17 |  47.2
       D:11 |    5239 |     668 |  11.3 |      31 |       5 |  13.9
       D:12 |    3562 |       0 |   0.0 |      21 |       0 |   0.0
       D:13 |    7427 |   10278 |  58.1 |      26 |      34 |  56.7
       D:14 |    9210 |       0 |   0.0 |      37 |       0 |   0.0
       D:15 |   17665 |    6443 |  26.7 |      49 |      11 |  18.3
     Lair:1 |    5046 |     743 |  12.8 |      30 |       2 |   6.2
     Lair:2 |    3792 |     894 |  19.1 |      18 |       8 |  30.8
     Lair:3 |    3532 |    2208 |  38.5 |      17 |       9 |  34.6
     Lair:4 |    5050 |     621 |  11.0 |      17 |      15 |  46.9
     Lair:5 |    3828 |     343 |   8.2 |      16 |       1 |   5.9
     Lair:6 |    6728 |    9906 |  59.6 |      24 |      29 |  54.7
    Swamp:1 |   12761 |       0 |   0.0 |      34 |       0 |   0.0
    Swamp:2 |   11940 |    3392 |  22.1 |      25 |       7 |  21.9
    Swamp:3 |   17115 |    1379 |   7.5 |      40 |       7 |  14.9
    Swamp:4 |   17421 |   21060 |  54.7 |      41 |      30 |  42.3
   Spider:1 |   17006 |    3179 |  15.7 |      45 |       2 |   4.3
   Spider:2 |   12035 |    1601 |  11.7 |      27 |       1 |   3.6
   Spider:3 |   22603 |    8267 |  26.8 |      60 |       3 |   4.8
   Spider:4 |   20030 |   27314 |  57.7 |      55 |      58 |  51.3
      Orc:1 |    3207 |    4258 |  57.0 |      26 |      15 |  36.6
      Orc:2 |     671 |   12371 |  94.9 |      13 |      53 |  80.3
   Depths:1 |   20543 |    1716 |   7.7 |      28 |       3 |   9.7
   Depths:2 |   46145 |   25049 |  35.2 |      51 |      22 |  30.1
   Depths:3 |   26458 |   22606 |  46.1 |      40 |      25 |  38.5
   Depths:4 |   30451 |   17845 |  36.9 |      32 |      16 |  33.3
   Depths:5 |       0 |  135782 | 100.0 |       0 |     100 | 100.0
      Zot:1 |   17312 |   34483 |  66.6 |      10 |      23 |  69.7
      Zot:2 |   38091 |       0 |   0.0 |      28 |       0 |   0.0
    Abyss:2 |    1437 |     763 |  34.7 |       6 |       1 |  14.3
    Abyss:3 |     139 |   10009 |  98.6 |       1 |      12 |  92.3
    Abyss:4 |     198 |    5363 |  96.4 |       1 |       8 |  88.9
      IceCv |       0 |   10929 | 100.0 |       0 |      46 | 100.0
            +---------+---------+-------+---------+---------+-------
